 Dungeon Crawl Stone Soup version 0.23-a0-837-ga3e6480 (webtiles) character file.

1262 tidbits the Charlatan (level 8, -11/64 HPs)
             Began as a Gnoll Wanderer on Jan 24, 2019.
             Was a Follower of Cheibriados.
             Killed by divine providence
             ... invoked by an orc priest
              (16 damage)
             ... on level 7 of the Dungeon.
             The game lasted 00:21:44 (1906 turns).

tidbits the Charlatan (Gnoll Wanderer)              Turns: 1906, Time: 00:21:46

Health: -11/64     AC: 13    Str: 15      XL:     8   Next: 52%
Magic:  12/12      EV: 12    Int: 19      God:    Cheibriados [*.....]
Gold:   147        SH:  5    Dex: 20 (21) Spells: 13/13 levels left

rFire    . . .     SeeInvis .   b - +3 hand axe (flame)
rCold    . . .     Gourm    .   D - +0 buckler
rNeg     . . .     Faith    .   B - +0 ring mail (curse)
rPois    .         Spirit   .   E - +0 helmet
rElec    .         Reflect  .   C - +0 cloak
rCorr    .         Harm     .   (no gloves)
MR       .....                  (no boots)
Stlth    ++........             (no amulet)
HPRegen  0.20/turn              U - +5 ring of protection
MPRegen  0.13/turn              X - +3 ring of dexterity

@: very slow
A: distributed training, fangs 1, strong nose
a: Bend Time, Renounce Religion


You were on level 7 of the Dungeon.
You worshipped Cheibriados.
Cheibriados was aware of your devotion.
You were not hungry.

You visited 2 branches of the dungeon, and saw 8 of its levels.

You collected 147 gold pieces.

Inventory:

Hand Weapons
 a - a +1 dagger of venom
   (You found it on level 6 of the Dungeon)
 b - a +3 hand axe of flaming (weapon)
   (You took it off Blork the orc on level 4 of the Dungeon)
 c - a +0 hunting sling
 w - a +0 spear
 x - a +0 war axe
 G - a +0 flail
Missiles
 d - 12 sling bullets
 e - 9 tomahawks (quivered)
 m - 17 arrows
 v - 30 stones
Armour
 n - a +0 robe
 q - a +0 scale mail
 B - a cursed +0 ring mail (worn)
 C - a +0 cloak (worn)
 D - a +0 buckler (worn)
 E - a +0 helmet (worn)
Jewellery
 U - a +5 ring of protection (left hand)
   (You found it on level 1 of the Dungeon)
 X - a +3 ring of dexterity (right hand)
   (You found it on level 1 of the Dungeon)
Wands
 g - a wand of disintegration (3)
 y - a wand of clouds (3)
 z - a wand of iceblast (6)
Scrolls
 i - 2 scrolls of magic mapping {unknown}
 j - a scroll of random uselessness {unknown}
 k - a scroll of enchant weapon {unknown}
 l - 3 scrolls of fear {unknown}
 r - a scroll of remove curse
 s - 2 scrolls of fog
 t - 3 scrolls of teleportation
 F - a scroll of amnesia {unknown}
 H - a scroll of silence {unknown}
Potions
 f - 2 potions of lignification
 h - 2 potions of curing
 p - a potion of degeneration {unknown}
 u - a potion of ambrosia {unknown}
 A - a potion of agility {unknown}
Comestibles
 o - 5 rations


   Skills:
 + Level 5.7 Fighting
 + Level 3.3 Short Blades
 + Level 3.3 Long Blades
 + Level 3.3 Axes
 + Level 3.3 Maces & Flails
 + Level 5.7 Polearms
 + Level 3.3 Staves
 + Level 3.3 Slings
 + Level 3.3 Bows
 + Level 3.3 Crossbows
 + Level 3.3 Throwing
 + Level 3.3 Armour
 + Level 3.3 Dodging
 + Level 4.1 Stealth
 + Level 3.3 Shields
 + Level 3.3 Unarmed Combat
 + Level 3.3 Spellcasting
 + Level 2.6 Conjurations
 + Level 2.6 Hexes
 + Level 2.6 Charms
 + Level 2.6 Summonings
 + Level 2.6 Necromancy
 + Level 2.6 Translocations
 + Level 2.6 Transmutations
 + Level 4.7 Fire Magic
 + Level 2.6 Ice Magic
 + Level 2.6 Air Magic
 + Level 3.5 Earth Magic
 + Level 2.6 Poison Magic
 + Level 3.6 Invocations
 + Level 5.7 Evocations


You had 13 spell levels left.
You didn't know any spells.
Your spell library was empty.

Dungeon Overview and Level Annotations

Branches:
Dungeon (7/15)             Temple (1/1) D:6

Altars:
Cheibriados
Dithmenos
Elyvilon
Gozag
Hepliaklqana
Kikubaaqudgha
Makhleb
Okawaru
Qazlal
Ru
Sif Muna
Trog
Uskayaw
Wu Jian
Zin
The Shining One

Annotations:
D:6 exclusion: downstairs


Innate Abilities, Weirdness & Mutations

Your experience applies equally to all skills.
You have very sharp teeth.
Your uncanny sense of smell can sniff out nearby items.


Message History

The orc shouts!
You hit the quasit. You burn the quasit.
You kill the quasit!
Cheibriados appreciates the change of pace.
You hear a shout!
Throwing (i - inventory. (/) - cycle)
e - 6 tomahawks (quivered)
Press: ? - help, Shift-Dir - straight line, f - orc
Aim: an orc, wielding a +0 dagger You throw a tomahawk.
The tomahawk closely misses the orc.
Throwing (i - inventory. (/) - cycle)
e - 5 tomahawks (quivered)
Press: ? - help, Shift-Dir - straight line, f/p - orc
Aim: an orc, wielding a +0 dagger You throw a tomahawk.
The tomahawk hits the orc.
The orc is moderately wounded.
Throwing (i - inventory. (/) - cycle)
e - 4 tomahawks (quivered)
Press: ? - help, Shift-Dir - straight line, f/p - orc
Aim: an orc, wielding a +0 dagger (moderately wounded)
You throw a tomahawk. The tomahawk closely misses the orc.
An orc priest comes into view.
It is wielding a -3 short sword and carrying a wand of digging (4).
There is a stone staircase leading up here.
You hit the orc. You burn the orc.
You kill the orc!
Cheibriados appreciates the change of pace.
Things that are here:
a +0 dagger; an orc corpse An orc wizard comes into view.
It is wielding a +0 dagger.
The orc wizard moves out of view.
Found a ration.
A phantom comes into view.
You see here a tomahawk.
Unknown command.
e - 4 tomahawks (gained 1)
You see here a tomahawk.
e - 5 tomahawks (gained 1)
The phantom blinks!
Unknown command.
The phantom blinks!
You see here 2 tomahawks.
e - 7 tomahawks (gained 2)
An orc priest comes into view. It is wielding a +0 short sword.
An orc wizard comes into view. It is wielding a +0 dagger.
You see here 2 tomahawks.
Unknown command.
e - 9 tomahawks (gained 2)
The orc wizard shouts!
The orc wizard gestures wildly while chanting.
The orc wizard blinks!
The orc priest shouts!
You hear a shout!
The phantom blinks!
Unknown command.
The orc priest zaps a wand.
Some rock shatters into small pieces.
Unknown command.
Evoke which item? (* to show all) (? for menu, Esc to quit)
Aiming: Iceblast
Press: ? - help, Shift-Dir - straight line, f - orc priest
Aim: an orc priest, wielding a -3 short sword and carrying a wand of digging (3)
The mass of ice explodes!
The iceblast engulfs the orc priest!!
You kill the orc priest!
Cheibriados appreciates the change of pace.
The iceblast engulfs the orc priest!!
You kill the orc priest!
Cheibriados appreciates the change of pace.
You hear a shout!
A spriggan baker comes into view. It is wielding a +0 dagger.
You hear a shout!
Unknown command.
The phantom blinks!
Unknown command.
You hit the phantom. You burn the phantom.
The phantom is lightly damaged.
The phantom closely misses you.
An orc priest comes into view. It is wielding a +0 dagger.
You closely miss the phantom.
The orc priest shouts!
You bite the phantom.
The phantom is lightly damaged.
The phantom hits you.
Unknown command.
You hit the spriggan baker but do no damage.
Your bite misses the spriggan baker. You hit the phantom. You burn the phantom.
The phantom hits you but does no damage.
The spriggan baker hits you with a +0 dagger!
* * * LOW HITPOINT WARNING * * *
The orc wizard points at you and mumbles some strange words.
The magic dart hits you.
* * * LOW HITPOINT WARNING * * *
The phantom hits you.
* * * LOW HITPOINT WARNING * * *
The phantom blinks!
Unknown command.
The orc priest mumbles some strange prayers to Beogh against you.
Beogh smites you!
* * * LOW HITPOINT WARNING * * *
The spriggan baker barely misses you.
The orc wizard mumbles some strange words.
The orc wizard blinks!
The orc priest mumbles some strange prayers to Beogh against you.
Beogh smites you!
You die...

...........# #.....#
.o.......# #.....#
..o)%...# #.....#
##)....# #.....#
#.#####.§..o.####.....#
........W......)<.....#
#####.##..$..##########
#i #..i#### #. ###@# ..
∆ #.# #. ∆ #.# # #.#
#.# #.# #.# #..


You could see a phantom, a spriggan baker, an orc priest and an orc wizard.

Vanquished Creatures
  Eustachio (D:5)
  An ice beast (D:6)
  A hornet zombie (D:6)
  An ogre (D:4)
  Blork the orc (D:4)
  A scorpion (D:4)
  A killer bee (D:6)
  A vampire bat (D:4)
  A crimson imp (D:6)
  A quasit (D:7)
  A bullfrog skeleton (D:4)
  4 hounds
  5 orc priests
  2 orc wizards (D:4)
  An iguana (D:6)
  2 worker ants
  A hound skeleton (D:7)
  Robin (D:4)
  2 adders
  4 gnolls (D:6)
  An ooze (D:3)
  2 worms (D:3)
  A dart slug (D:1)
  A leopard gecko (D:3)
  11 orcs
  3 bat skeletons (D:4)
  3 bat zombies (D:4)
  2 giant cockroaches (D:1)
  9 goblins
  7 hobgoblins
  4 kobolds
  2 quokkas
  4 bats
  3 frilled lizards (D:3)
  A quokka skeleton (D:4)
87 creatures vanquished.

Notes
Turn   | Place    | Note
-------+----------+-------------------------------------------
     0 | D:1      | tidbits the Gnoll Wanderer began the quest for the Orb.
     0 | D:1      | tidbits set off with the following items: a wand of flame
                  | (15), a scroll of teleportation, a +0 spear, a +0 robe, a
                  | ration
     0 | D:1      | Reached XP level 1. HP: 20/20 MP: 3/3
    47 | D:1      | Reached skill level 2 in Earth Magic
    75 | D:1      | Reached XP level 2. HP: 25/26 MP: 5/5
   392 | D:3      | Found an ornate altar of the Wu Jian Council.
   392 | D:3      | Found a hazy altar of Hepliaklqana.
   412 | D:3      | Reached XP level 3. HP: 29/31 MP: 6/6
   491 | D:3      | Reached skill level 1 in Short Blades
   491 | D:3      | Reached skill level 1 in Long Blades
   491 | D:3      | Reached skill level 1 in Axes
   491 | D:3      | Reached skill level 1 in Maces & Flails
   491 | D:3      | Reached skill level 1 in Staves
   491 | D:3      | Reached skill level 1 in Slings
   491 | D:3      | Reached skill level 1 in Bows
   491 | D:3      | Reached skill level 1 in Crossbows
   491 | D:3      | Reached skill level 1 in Throwing
   491 | D:3      | Reached skill level 1 in Armour
   491 | D:3      | Reached skill level 1 in Dodging
   491 | D:3      | Reached skill level 1 in Shields
   491 | D:3      | Reached skill level 1 in Unarmed Combat
   491 | D:3      | Reached skill level 1 in Spellcasting
   491 | D:3      | Reached skill level 1 in Invocations
   491 | D:3      | Reached XP level 4. HP: 38/38 MP: 7/7
   701 | D:3      | Reached skill level 1 in Conjurations
   701 | D:3      | Reached skill level 1 in Hexes
   701 | D:3      | Reached skill level 1 in Charms
   701 | D:3      | Reached skill level 1 in Summonings
   701 | D:3      | Reached skill level 1 in Necromancy
   701 | D:3      | Reached skill level 1 in Translocations
   701 | D:3      | Reached skill level 1 in Transmutations
   701 | D:3      | Reached skill level 1 in Ice Magic
   701 | D:3      | Reached skill level 1 in Air Magic
   701 | D:3      | Reached skill level 1 in Poison Magic
   703 | D:3      | Reached XP level 5. HP: 24/43 MP: 8/8
   757 | D:4      | Noticed Blork the orc
   787 | D:4      | Killed Blork the orc
   787 | D:4      | Reached skill level 4 in Fire Magic
   790 | D:4      | Reached XP level 6. HP: 32/50 MP: 9/9
   796 | D:4      | Reached skill level 3 in Stealth
   796 | D:4      | Reached skill level 2 in Invocations
   847 | D:5      | Entered Level 5 of the Dungeon
   941 | D:4      | Reached skill level 5 in Fighting
   941 | D:4      | Reached skill level 2 in Short Blades
   941 | D:4      | Reached skill level 2 in Long Blades
   941 | D:4      | Reached skill level 2 in Axes
   941 | D:4      | Reached skill level 2 in Maces & Flails
   941 | D:4      | Reached skill level 5 in Polearms
   941 | D:4      | Reached skill level 2 in Staves
   941 | D:4      | Reached skill level 2 in Slings
   941 | D:4      | Reached skill level 2 in Bows
   941 | D:4      | Reached skill level 2 in Crossbows
   941 | D:4      | Reached skill level 2 in Throwing
   941 | D:4      | Reached skill level 2 in Armour
   941 | D:4      | Reached skill level 2 in Dodging
   941 | D:4      | Reached skill level 2 in Shields
   941 | D:4      | Reached skill level 2 in Unarmed Combat
   941 | D:4      | Reached skill level 2 in Spellcasting
   941 | D:4      | Reached skill level 5 in Evocations
   951 | D:4      | Found a shadowy altar of Dithmenos.
   979 | D:4      | Noticed Robin
   990 | D:4      | Killed Robin
  1178 | D:4      | Found an ancient bone altar of Kikubaaqudgha.
  1182 | D:4      | Reached XP level 7. HP: 55/56 MP: 10/10
  1247 | D:4      | Found a glowing golden altar of the Shining One.
  1374 | D:5      | Noticed Eustachio
  1388 | D:5      | Killed Eustachio
  1388 | D:5      | Reached skill level 2 in Conjurations
  1388 | D:5      | Reached skill level 2 in Hexes
  1388 | D:5      | Reached skill level 2 in Charms
  1388 | D:5      | Reached skill level 2 in Summonings
  1388 | D:5      | Reached skill level 2 in Necromancy
  1388 | D:5      | Reached skill level 2 in Translocations
  1388 | D:5      | Reached skill level 2 in Transmutations
  1388 | D:5      | Reached skill level 2 in Ice Magic
  1388 | D:5      | Reached skill level 2 in Air Magic
  1388 | D:5      | Reached skill level 3 in Earth Magic
  1388 | D:5      | Reached skill level 2 in Poison Magic
  1397 | D:6      | Found a staircase to the Ecumenical Temple.
  1406 | Temple   | Entered the Ecumenical Temple
  1444 | Temple   | Became a worshipper of Cheibriados the Contemplative
  1596 | D:6      | Reached skill level 3 in Invocations
  1612 | D:6      | Reached XP level 8. HP: 42/63 MP: 12/12
  1632 | D:6      | Found a burning altar of Makhleb.
  1724 | D:6      | Reached skill level 3 in Short Blades
  1724 | D:6      | Reached skill level 3 in Long Blades
  1724 | D:6      | Reached skill level 3 in Axes
  1724 | D:6      | Reached skill level 3 in Maces & Flails
  1724 | D:6      | Reached skill level 3 in Staves
  1724 | D:6      | Reached skill level 3 in Slings
  1724 | D:6      | Reached skill level 3 in Bows
  1724 | D:6      | Reached skill level 3 in Crossbows
  1724 | D:6      | Reached skill level 3 in Throwing
  1724 | D:6      | Reached skill level 3 in Armour
  1724 | D:6      | Reached skill level 3 in Dodging
  1724 | D:6      | Reached skill level 3 in Shields
  1724 | D:6      | Reached skill level 3 in Unarmed Combat
  1724 | D:6      | Reached skill level 3 in Spellcasting
  1818 | D:6      | Reached * piety under Cheibriados
  1818 | D:6      | Reached skill level 4 in Stealth
  1900 | D:7      | Noticed a spriggan baker
  1906 | D:7      | HP: 5/64 [orc priest/divine providence (10)]
  1906 | D:7      | Killed from afar by an orc priest

Vault maps used:
D:1:      dpeg_arrival_rhombus, serial_bayou_pond_b, skrybe_limestone_x
D:2:      kennysheep_the_goblin_king
D:3:      gammafunk_temple_overflow_wave
D:4:      old_standard_altar, nicolae_tso_carved_into_rock,
          kennysheep_vampire_church, first_ration, uniq_blork_the_orc,
          uniq_robin
D:5:      uniq_eustachio
D:6:      old_standard_altar, chequers_temple_overflow_statue_of_worship,
          minmay_temple_entry_drinking_statues, serial_glass, glass_columns_a,
          glass_columns_a
D:7:      the_bakery, minmay_crystal_water
Temple:   jpeg_temple_alley_garden

Skill      XL: |  1  2  3  4  5  6  7  8 |
---------------+-------------------------+-----
Earth Magic    | 2 3 |  3.5
Short Blades   | 1 2 3 |  3.3
Long Blades    | 1 2 3 |  3.3
Axes           | 1 2 3 |  3.3
Maces & Flails | 1 2 3 |  3.3
Staves         | 1 2 3 |  3.3
Slings         | 1 2 3 |  3.3
Bows           | 1 2 3 |  3.3
Crossbows      | 1 2 3 |  3.3
Throwing       | 1 2 3 |  3.3
Armour         | 1 2 3 |  3.3
Dodging        | 1 2 3 |  3.3
Shields        | 1 2 3 |  3.3
Unarmed Combat | 1 2 3 |  3.3
Spellcasting   | 1 2 3 |  3.3
Invocations    | 1 2 3 |  3.6
Conjurations   | 1 2 |  2.6
Hexes          | 1 2 |  2.6
Charms         | 1 2 |  2.6
Summonings     | 1 2 |  2.6
Necromancy     | 1 2 |  2.6
Translocations | 1 2 |  2.6
Transmutations | 1 2 |  2.6
Ice Magic      | 1 2 |  2.6
Air Magic      | 1 2 |  2.6
Poison Magic   | 1 2 |  2.6
Fire Magic     | 4 |  4.7
Stealth        | 3 4 |  4.1
Fighting       | 5 |  5.7
Polearms       | 5 |  5.7
Evocations     | 5 |  5.7

Action                   |  1- 3 |  4- 6 |  7- 9 || total
-------------------------+-------+-------+-------++-------
Melee: Spear             |    48 |    74 |       ||   122
       Bite              |     5 |    17 |    11 ||    33
       Punch             |       |     3 |       ||     3
       Hand axe          |       |    53 |   103 ||   156
       Unarmed           |       |       |    11 ||    11
 Fire: Hunting sling     |    27 |     6 |       ||    33
Throw: Tomahawk          |       |    12 |    14 ||    26
Evoke: Wand              |     5 |    10 |     3 ||    18
  Use: Potion            |       |     3 |     1 ||     4
       Scroll            |       |     2 |       ||     2
 Stab: Sleeping          |     1 |     4 |     1 ||     6
  Eat: Ration            |     1 |     1 |       ||     2
Armor: Robe              |    16 |    10 |       ||    26
       Ring mail         |       |    31 |    59 ||    90
       Skin              |       |       |    15 ||    15
Dodge: Dodged            |    17 |    64 |    67 ||   148
Block: Buckler           |       |       |    28 ||    28

Table legend:
 A = Non-vault XP
 B = Vault XP
 C = Vault XP percentage of total XP
 D = Non-vault monster count
 E = Vault monster count
 F = Vault count percentage of total count
                 A         B        C        D         E       F
            +---------+---------+-------+---------+---------+-------
      Total |    1405 |     399 |  22.1 |      67 |      20 |  23.0
            +---------+---------+-------+---------+---------+-------
        D:1 |      18 |       0 |   0.0 |       9 |       0 |   0.0
        D:2 |      11 |       0 |   0.0 |       7 |       0 |   0.0
        D:3 |     173 |       0 |   0.0 |      19 |       0 |   0.0
        D:4 |     363 |     202 |  35.8 |      11 |      19 |  63.3
        D:5 |       2 |     197 |  99.0 |       1 |       1 |  50.0
        D:6 |     646 |       0 |   0.0 |      14 |       0 |   0.0
        D:7 |     192 |       0 |   0.0 |       6 |       0 |   0.0
            +---------+---------+-------+---------+---------+-------

Table legend:
 A = Turns spent in this place as a percentage of turns spent in the entire game.
 B = Non-inter-level travel turns spent in this place as a percentage of non-inter-level travel turns spent in the entire game.
 C = Inter-level travel turns spent in this place as a percentage of turns spent in this place.
 D = Turns resting spent in this place as a percentage of non-inter-level travel turns spent in this place.
 E = Turns spent auto-exploring this place as a percentage of non-inter-level travel turns spent in this place.
 F = Non-inter-level travel turns spent in this place divided by the number of levels of this place that you've seen.
                   A       B       C       D       E      F
               +-------+-------+-------+-------+-------+----------------------
         Total | 100.0 | 100.0 |   6.1 |   0.0 |   0.0 | 223.8
       Dungeon |  96.0 |  97.8 |   4.4 |   0.0 |   0.0 | 250.0
        Temple |   4.0 |   2.2 |  47.4 |   0.0 |   0.0 |  40.0
               +-------+-------+-------+-------+-------+----------------------

Table legend:
 A = Kills in this place as a percentage of kills in entire the game.
 B = Kills by you in this place as a percentage of kills by you in the entire game.
 C = Kills by friends in this place as a percentage of kills by friends in the entire game.
 D = Other kills in this place as a percentage of other kills in the entire game.
 E = Experience gained in this place as a percentage of experience gained in the entire game.
 F = Experience gained in this place divided by the number of levels of this place that you have seen.
                   A       B       C       D       E      F
               +-------+-------+-------+-------+-------+----------------------
         Total | 100.0 | 100.0 |   N/A |   N/A | 100.0 | 225.5
       Dungeon | 100.0 | 100.0 |   N/A |   N/A | 100.0 | 257.7
               +-------+-------+-------+-------+-------+----------------------

Vault maps used:
D:1:      dpeg_arrival_rhombus, serial_bayou_pond_b, skrybe_limestone_x
D:2:      kennysheep_the_goblin_king
D:3:      gammafunk_temple_overflow_wave
D:4:      old_standard_altar, nicolae_tso_carved_into_rock,
          kennysheep_vampire_church, first_ration, uniq_blork_the_orc,
          uniq_robin
D:5:      uniq_eustachio
D:6:      old_standard_altar, chequers_temple_overflow_statue_of_worship,
          minmay_temple_entry_drinking_statues, serial_glass, glass_columns_a,
          glass_columns_a
D:7:      the_bakery, minmay_crystal_water
Temple:   jpeg_temple_alley_garden
